 Dungeon Sprint DCSS version 0.27-a0-789-g6bb3289e1e (webtiles) character file.

Game seed: 1785824830516789004

9471 mhtbhm the Peltast (level 11, -1/76 HPs)
             Began as a Gargoyle Fighter on Mar 27, 2021.
             Was the Champion of Okawaru.
             Slain by an orc warrior
             ... wielding a +0 halberd
              (25 damage)
             ... in the Dungeon (Sprint IX: "|||||||||||||||||||||||||||||").
             The game lasted 00:02:55 (1705 turns).

mhtbhm the Peltast (Gargoyle Fighter)               Turns: 1705, Time: 00:02:56

Health: -1/76      AC: 26    Str: 24    XL:     11   Next: 47%
Magic:  11/11      EV: 14    Int:  8    God:    Okawaru [******]
Gold:   669        SH: 14    Dex:  9    Spells: 10/10 levels left

rFire    . . .     SeeInvis .   a - +11 mace "Cosicket" {freeze, Stlth+}
rCold    . . .     Faith    .   c - +0 kite shield
rNeg     + . .     Spirit   .   b - +1 scale mail
rPois    ∞         Reflect  .   o - +0 helmet
rElec    +         Harm     .   x - +0 cloak
rCorr    .         Rampage  .   n - +0 pair of gloves
Will     .....     NoTele   +   y - +0 pair of boots
Stlth    +++.......             (no amulet)
HPRegen  0.22/turn              p - +2 ring of protection
MPRegen  0.12/turn              q - +2 ring of evasion

@: no status effects
A: AC +8, negative energy resistance 1, electricity resistance, torment
resistance 1, unbreathing 1, petrification resistance
a: Renounce Religion, Heroism, Finesse


You were in the Dungeon.
You worshipped Okawaru.
Okawaru was exalted by your worship.
You visited 1 branch You collected 669 gold pieces.

Inventory:

Hand Weapons
 a - the +11 mace "Cosicket" (weapon) {freeze, Stlth+}
   (Okawaru gifted it to you in the Dungeon)

   It has been specially enchanted to freeze those struck by it, causing extra
   injury to most foes and up to half again as much damage against particularly
   susceptible opponents.
   It can also slow down cold-blooded creatures.
   It makes you more stealthy.
Missiles
 r - 2 poisoned darts (quivered)
 s - 4 atropa-tipped darts
 z - 6 javelins
Armour
 b - a +1 scale mail (worn)
 c - a +0 kite shield (worn)
 n - a +0 pair of gloves (worn)
 o - a +0 helmet (worn)
 x - a +0 cloak (worn)
 y - a +0 pair of boots (worn)
Jewellery
 p - a +2 ring of protection (right hand)
 q - a +2 ring of evasion (left hand)
Wands
 m - a wand of acid (7)
Scrolls
 j - 2 scrolls of blinking
 k - 2 scrolls of identify
 l - 2 scrolls of amnesia
 u - 5 scrolls of enchant armour
 v - 2 scrolls of enchant weapon
 w - 2 scrolls of fear
Potions
 d - a potion of might
 e - 5 potions of curing
 f - 7 potions of heal wounds
 g - a potion of haste
 h - 4 potions of magic
 i - a potion of berserk rage
 t - a potion of brilliance


   Skills:
 + Level 11.6 Fighting
 + Level 15.4 Maces & Flails
 + Level 11.1 Armour
 + Level 7.5 Dodging
 + Level 6.4 Stealth
 + Level 15.7 Shields
 + Level 1.2 Evocations


You had 10 spell levels left.
You didn't know any spells.
Your spell library was empty.

Dungeon Overview and Level Annotations

Branches:
Dungeon (1/1)

Altars:
Cheibriados
Dithmenos
Elyvilon
Fedhas
Gozag
Hepliaklqana
Kikubaaqudgha
Makhleb
Nemelex Xobeh
Okawaru
Qazlal
Ru
Sif Muna
Trog
Uskayaw
Vehumet
Wu Jian
Xom
Yredelemnul
Zin
The Shining One
Beogh
Jiyva
Lugonu


Innate Abilities, Weirdness & Mutations

Your stone body is resilient. (AC +8)
You are immune to poison.
You resist negative energy. (rN+)
You are resistant to electric shocks. (rElec)
You are resistant to unholy torment.
You can survive without breathing.
You are immune to petrification.


Message History

The orc knight is lightly wounded.
The bolt of acid hits the orc warrior!
The orc warrior is splashed with acid.
The orc warrior seems to be corroded for longer.
You kill the orc warrior!
Okawaru accepts your kill.
The bolt of acid hits the orc warrior!
The orc warrior is splashed with acid.
The orc warrior seems to be corroded for longer.
You kill the orc warrior!
Okawaru accepts your kill.
The bolt of acid hits the orc warrior!
The orc warrior is splashed with acid.
The acid corrodes the orc warrior!
The orc warrior is almost dead.
The bolt of acid hits the orc warrior!
The orc warrior is splashed with acid.
The orc warrior seems to be corroded for longer.
You kill the orc warrior!
Okawaru accepts your kill.
The orc knight roars a battlecry!
Unknown command.
Unknown command.
You thump the orc knight! You freeze the orc knight.
The orc knight is moderately wounded.
You block the orc knight's attack.
You sock the orc knight! You freeze the orc knight.
The orc knight is heavily wounded.
You sock the orc knight! You freeze the orc knight.
The orc knight is severely wounded.
An orc warrior comes into view. It is wielding a +0 flail.
The orc knight barely misses you. You block the orc warrior's attack.
You thump the orc knight! You freeze the orc knight.
The orc knight is almost dead.
You block the orc knight's attack.
The orc warrior hits you from afar with a +0 halberd!
You barely miss the orc knight.
The orc knight is almost dead.
You block the orc knight's attack.
Unknown command.
You hit the orc knight. You freeze the orc knight.
The orc knight is almost dead.
The orc warrior hits you from afar with a +0 halberd!!
You die...

▓.▓.▓.▓_▓
▓.▓.▓.▓.▓_▓
▓o▓.▓.▓.▓_▓
▓)▓.▓.▓.▓_▓
▓o▓.▓†▓.▓_▓
▓o▓.▓†▓.▓_▓
▓o▓.▓[▓.▓_▓
▓o▓.▓.▓.▓_▓
▓@▓.▓.▓.▓_▓
▓'▓.▓.▓.▓_▓
▓.▓.▓÷▓.▓_▓
▓.▓.▓.▓.▓_▓
▓.▓.▓.▓.▓_▓
▓.▓.▓÷▓.▓_▓
▓.▓.▓.▓.▓_▓
▓)▓.▓'▓.▓_▓
▓)▓.▓)▓.▓_▓


You could see an orc knight (strong, corroded), 3 orc warriors and an orc
(strong).

Vanquished Creatures
  An ettin (D)
  2 hydras (D)
  Erica (D)
  Urug (D)
  An orc knight (D)
  2 cane toads (D)
  A cane toad (shapeshifter) (D)
  An unseen horror (D)
  A kobold demonologist (D)
  A troll (D)
  2 tyrant leeches (D)
  A polar bear (shapeshifter) (D)
  A blink frog (D)
  A shadow (D)
  7 yaks (D)
  A wraith (D)
  2 basilisks (D)
  3 vampire mosquitoes (D)
  An acid dragon (D)
  2 water moccasins (D)
  5 orc warriors (D)
  2 wolves (D)
  A centaur (D)
  A kobold brigand (D)
  4 bullfrogs (D)
  4 orc priests (D)
  An adder (D)
  An adder zombie (D)
  A worm (D)
  7 orcs (D)
  A bat zombie (D)
  A goblin (D)
  A hobgoblin (D)
  A quokka (D)
  A ball python skeleton (D)
  2 bats (D)
  A rat (D)
68 creatures vanquished.

Notes
Turn   | Place    | Note
-------+----------+-------------------------------------------
     0 | D        | mhtbhm the Gargoyle Fighter began the quest for the Orb.
     0 | D        | Reached XP level 1. HP: 14/14 MP: 1/1
    93 | D        | Reached XP level 2. HP: 19/20 MP: 2/2
   137 | D        | Found a snail-covered altar of Cheibriados.
   137 | D        | Found a shadowy altar of Dithmenos.
   137 | D        | Found a white marble altar of Elyvilon.
   137 | D        | Found a blossoming altar of Fedhas.
   137 | D        | Found an opulent altar of Gozag.
   138 | D        | Found a hazy altar of Hepliaklqana.
   139 | D        | Found a viscous altar of Jiyva.
   140 | D        | Found an ancient bone altar of Kikubaaqudgha.
   141 | D        | Found a corrupted altar of Lugonu.
   142 | D        | Found a burning altar of Makhleb.
   143 | D        | Found a sparkling altar of Nemelex Xobeh.
   144 | D        | Found an iron altar of Okawaru.
   145 | D        | Found a stormy altar of Qazlal.
   146 | D        | Found a sacrificial altar of Ru.
   147 | D        | Found a shimmering blue altar of Sif Muna.
   148 | D        | Found a bloodstained altar of Trog.
   149 | D        | Found a hide-covered altar of Uskayaw.
   150 | D        | Found a radiant altar of Vehumet.
   151 | D        | Found an ornate altar of the Wu Jian Council.
   152 | D        | Became a worshipper of Warmaster Okawaru
   153 | D        | Found a shimmering altar of Xom.
   154 | D        | Found a basalt altar of Yredelemnul.
   155 | D        | Found a glowing silver altar of Zin.
   156 | D        | Found a glowing golden altar of the Shining One.
   211 | D        | Noticed a yak
   211 | D        | Noticed an acid dragon
   211 | D        | Noticed a kobold brigand
   211 | D        | Noticed a kobold demonologist
   212 | D        | Noticed a crimson imp
   216 | D        | Noticed a chaos spawn
   227 | D        | Killed a kobold demonologist
   227 | D        | Reached * piety under Okawaru
   227 | D        | Reached ** piety under Okawaru
   227 | D        | Reached *** piety under Okawaru
   228 | D        | Reached skill level 5 in Armour
   228 | D        | Reached XP level 3. HP: 27/27 MP: 3/3
   228 | D        | Reached XP level 4. HP: 32/32 MP: 4/4
   228 | D        | Reached XP level 5. HP: 36/36 MP: 5/5
   228 | D        | Reached XP level 6. HP: 41/41 MP: 6/6
   242 | D        | Killed an unseen horror
   242 | D        | Reached **** piety under Okawaru
   251 | D        | Killed an acid dragon
   252 | D        | Reached XP level 7. HP: 27/47 MP: 7/7
   258 | D        | Killed a yak
   259 | D        | Reached skill level 10 in Maces & Flails
   259 | D        | Reached skill level 10 in Shields
   456 | D        | Noticed a shadow
   456 | D        | Noticed a troll
   456 | D        | Noticed a wraith
   456 | D        | Noticed a cane toad
   456 | D        | Noticed a polar bear
   467 | D        | Killed a polar bear
   467 | D        | Reached ***** piety under Okawaru
   468 | D        | Reached XP level 8. HP: 39/53 MP: 8/8
   477 | D        | Killed a cane toad
   478 | D        | Reached skill level 1 in Stealth
   486 | D        | Killed a wraith
   494 | D        | Killed a troll
   494 | D        | Received a gift from Okawaru
   499 | D        | Killed a shadow
   500 | D        | Reached XP level 9. HP: 20/59 MP: 9/9
   827 | D        | Noticed an eight-headed hydra
   827 | D        | Noticed a seven-headed hydra
   835 | D        | Killed a seven-headed hydra
   835 | D        | Identified the +11 mace "Cosicket" {freeze, Stlth+}
                  | (Okawaru gifted it to you in the Dungeon)
   835 | D        | Received a gift from Okawaru
   836 | D        | Reached skill level 5 in Dodging
   843 | D        | Killed an eight-headed hydra
   848 | D        | Reached XP level 10. HP: 33/66 MP: 10/10
  1068 | D        | Identified the +2 robe of Vum Cin {*Contam rN++ Int+5}
                  | (Okawaru gifted it to you in the Dungeon)
  1068 | D        | Received a gift from Okawaru
  1073 | D        | Noticed a cane toad
  1084 | D        | Reached skill level 10 in Armour
  1087 | D        | Reached skill level 10 in Fighting
  1091 | D        | Reached ****** piety under Okawaru
  1094 | D        | Killed a cane toad
  1140 | D        | Noticed a cane toad
  1151 | D        | Killed a cane toad
  1164 | D        | Reached skill level 1 in Evocations
  1177 | D        | Reached skill level 5 in Stealth
  1179 | D        | Reached XP level 11. HP: 73/73 MP: 11/11
  1324 | D        | Noticed Erica
  1335 | D        | Killed Erica
  1336 | D        | Reached skill level 15 in Shields
  1380 | D        | Noticed Urug
  1388 | D        | Killed Urug
  1389 | D        | Reached skill level 15 in Maces & Flails
  1511 | D        | Noticed an ettin
  1533 | D        | Killed an ettin
  1682 | D        | Noticed an orc knight
  1682 | D        | Noticed an orc knight
  1695 | D        | Killed an orc knight
  1705 | D        | Slain by an orc warrior

Illustrated notes

Levels and vault maps discovered:
D:        linesprint [early_d, line_temple, items_1, d_10, items_2, lair_1,
          lair_end, items_3, orc_1, orc_end, items_4, d_15, swamp_1, shoals_1,
          snake_1, spider_1, d_20, vaults_1, items_5, swamp_end, shoals_end,
          snake_end, spider_end, vaults_end, d_27, items_6, zot_1, zot_end,
          crypt_end, forest_end, elf_end, slime_end, tomb_end, abyss_end,
          pan_hell_end]

Skill      XL: |  1  2  3  4  5  6  7  8  9 10 11 |
---------------+----------------------------------+-----
Fighting       | 4 6 7 8 9 10 11 | 11.6
Shields        | 4 8 9 10 11 13 14 15 | 15.7
Maces & Flails | 7 9 10 12 13 14 15 | 15.4
Armour         | 5 6 8 9 10 11 | 11.1
Dodging        | 2 3 4 6 7 |  7.5
Stealth        | 1 2 5 6 |  6.4
Evocations     | 1 |  1.2

Action                   |  1- 3 |  4- 6 |  7- 9 | 10-12 || total
-------------------------+-------+-------+-------+-------++-------
Melee: Flail             |    54 |       |       |       ||    54
       Morningstar       |    16 |    24 |    74 |     9 ||   123
       Mace              |       |       |       |   132 ||   132
Evoke: Wand              |       |       |     1 |     2 ||     3
  Use: Potion            |       |       |     4 |       ||     4
 Stab: Invisible         |       |       |     1 |     2 ||     3
       Sleeping          |       |       |       |     1 ||     1
Armor: Scale mail        |    50 |    21 |    46 |    15 ||   132
Dodge: Dodged            |    41 |     3 |    65 |    25 ||   134
Block: Kite shield       |    53 |    11 |    82 |    54 ||   200

Table legend: (Time is in decaauts)
 A = Elapsed time spent in this place.
 B = Non-inter-level travel time spent in this place.
 C = Inter-level travel time spent in this place.
 D = Time resting spent in this place.
 E = Time spent auto-exploring this place.
 F = Levels seen in this place.
 G = Mean time per level.
                   A        B        C        D        E       F      G
               +--------+--------+--------+--------+--------+-----+--------+
         Total |   1708 |   1708 |      0 |    732 |    363 |   1 | 1708.0 |
       Dungeon |   1708 |   1708 |      0 |    732 |    363 |   1 | 1708.0 |
               +--------+--------+--------+--------+--------+-----+--------+

Top non-repeatable levels by time:
       D: 1708 daAuts
